 Dungeon Crawl Stone Soup version 0.31-a0-542-gdc2a67831c (webtiles) character file.

Game seed: 16438321316657216788

165 GloriousHammer the Sneak (level 5, 0/26 HPs)
             Began as a Vine Stalker Brigand on Aug 14, 2023.
             Splashed by a jelly's acid (5 damage)
             ... in a sewer.
             The game lasted 00:06:08 (1663 turns).

GloriousHammer the Sneak (Vine Stalker Brigand)     Turns: 1663, Time: 00:06:08

Health: 0/26       AC: -4    Str: 13    XL:     5   Next: 46%
Magic:  0/6        EV: 11    Int: 11    God:
Gold:   171        SH:  0    Dex: 18    Spells: 4/4 levels left

rFire   + . .        a - +2 dagger
rCold   . . .        (no shield)
rNeg    . . .        n - +1 leather armour {rF+}
rPois   .            (no helmet)
rElec   .            c - +0 cloak
rCorr   .            k - +0 pair of gloves
SInv    +            o - +0 pair of boots
Will    .....        (no amulet)
Stlth   +++          v - ring of see invisible
HPRegen 1.04/turn    (no ring)
MPRegen 0.10/turn

%: guardian spirit
@: corroded
A: fangs 2, regeneration 1, magic shield, antimagic bite, no potion heal 2
a: no special abilities


You were in a sewer.
You visited 1 branch of the dungeon, and saw 3 of its levels.
You also visited: Sewer.

You collected 171 gold pieces.

Inventory:

Hand Weapons
 a - a +2 dagger (weapon)
 i - a +0 dagger of venom
Missiles
 d - 9 poisoned darts (quivered)
 e - 3 curare-tipped darts
 p - 3 boomerangs
 q - 6 atropa-tipped darts
Armour
 c - a +0 cloak (worn)
 k - a +0 pair of gloves (worn)
 n - a +1 leather armour of fire resistance (worn)
 o - a +0 pair of boots (worn)
Jewellery
 v - a ring of see invisible (left hand)
 W - a ring of willpower
Scrolls
 b - a scroll of teleportation {unknown}
 f - a scroll of torment {unknown}
 g - a scroll of vulnerability {unknown}
 h - a scroll of identify {unknown}
 j - a scroll of fear {unknown}
Potions
 l - 2 potions of magic {unknown}
 m - a potion of might {unknown}


   Skills:
 - Level 2.0 Fighting
 * Level 3.3 Short Blades
 + Level 2.8 Throwing
 + Level 1.1 Armour
 - Level 0.7 Dodging
 + Level 5.8 Stealth


You had 4 spell levels left.
You didn't know any spells.
Your spell library contained the following spells:

 Spells                   Type           Power      Damage    Failure   Level
 Slow                     Hex            0%         N/A       41%         1
 Confusing Touch          Hex            0%         N/A       80%         3
 Vampiric Draining        Necr           0%         2d6       80%         3


Dungeon Overview and Level Annotations

Branches:
Dungeon (3/15)              Sewer (1/1)

Altars:

Annotations:
D:2 dig vault robe


Innate Abilities, Weirdness & Mutations

You have extremely sharp teeth.
Your natural rate of healing is unusually fast.
When hurt, damage is shared between your health and your magic reserves.
Your bite disrupts and absorbs the magic of your enemies.
Potions cannot restore your health.


Message History

The worm is heavily wounded.
The worm bites you!
You hit the worm. You bite the worm. You drain its power.
You feel invigorated.
The worm is almost dead.
You hit the worm.
You kill the worm!
You enter the shallow water.
Moving in this stuff is going to be slow.
You see here a worm corpse.
A river rat comes into view.
You enter the shallow water.
Moving in this stuff is going to be slow.
A ball python comes into view.
You enter the shallow water.
Moving in this stuff is going to be slow.
You catch the helpless river rat completely off-guard!
You impale the river rat!!
You kill the river rat!
You see here a river rat corpse.
You enter the shallow water.
Moving in this stuff is going to be slow.
A frilled lizard is nearby!
You enter the shallow water.
Moving in this stuff is going to be slow.
A ball python comes into view.
A river rat comes into view.
The frilled lizard barely misses you.
You hit the frilled lizard but do no damage.
The frilled lizard barely misses you.
You hit the frilled lizard. You bite the frilled lizard.
You kill the frilled lizard!
You enter the shallow water.
Moving in this stuff is going to be slow.
An endoplasm comes into view.
You see here a frilled lizard corpse.
A frilled lizard comes into view.
Found a gate leading back out of this place.
The endoplasm quivers.
You enter the shallow water.
Moving in this stuff is going to be slow.
A rat comes into view.
The helpless river rat fails to defend itself.
You spit the river rat like a pig!!!
You kill the river rat!
The ball python hisses angrily.
Your unstable footing causes you to fumble your attack.
The ball python bites you but does no damage.
The ball python closely misses you.
The frilled lizard hisses angrily.
You hit the ball python. Your bite misses the ball python.
The ball python is severely wounded.
The ball python completely misses you. The ball python grabs you.
The ball python constricts you.
A jelly comes into view.
You closely miss the ball python.
The ball python is severely wounded.
The ball python barely misses you. The ball python constricts you.
You escape the ball python's grasp.
The endoplasm attacks as you move away!
The endoplasm splashes around in the water.
The ball python closely misses you. The ball python grabs you.
The ball python constricts you.
You see here a river rat corpse.
The frilled lizard hisses angrily.
You hit the ball python.
You kill the ball python!
The frilled lizard bites you.
A jelly comes into view.
You hit the endoplasm.
You kill the endoplasm!
The frilled lizard bites you but does no damage.
You enter the shallow water.
Moving in this stuff is going to be slow.
The frilled lizard closely misses you.
The frilled lizard bites you but does no damage. x2
You see here a river rat corpse.
You hit the frilled lizard. Your bite misses the frilled lizard.
The frilled lizard is heavily wounded.
The frilled lizard bites you but does no damage. x2
You hit the frilled lizard.
You kill the frilled lizard!
The frilled lizard bites you.
You hit the jelly.
Your hands burn!
You bite the jelly. You drain its power.
You feel invigorated.
The jelly is moderately wounded.
The rat barely misses you. The jelly barely misses you.
The frilled lizard bites you but does no damage.
You hit the jelly. The acid corrodes you!
Your hands burn!
You bite the jelly. You drain its power.
You feel invigorated.
The jelly is severely wounded.
The rat misses you. The jelly hits you. The acid corrodes you!
You are splashed with acid!
The frilled lizard bites you.
You hit the jelly but do no damage. The acid corrodes you!
Your hands burn!
You bite the jelly, but do no damage.
The jelly is severely wounded.
The rat bites you.
* * * LOW HITPOINT WARNING * * *
The jelly hits you.
* * * LOW HITPOINT WARNING * * *
You are splashed with acid.
You die...

.~~# ##S~#####
~~~~##~~~#.~..##
#~~~#...~~~~~∩##
#..~...~~# ..~#
#~~..~~ #~.# ~..
#~...## #@J##~.~.
##~~..~## ##rl~~~.#
##..~~~.~###.J~...##
###.~~.##†~..†~~.####
##~....####.~.~~.##
#.~..~## ##.~####
#..~### #.~# #..##
.~~# .†.# ..~##


You could see 2 jellies, a frilled lizard and a rat.

Vanquished Creatures
  2 river rats (Sewer)
  5 adders
  3 worms
  2 dart slugs
  An orc (D:3)
  8 ball pythons
  5 bats
  6 endoplasms (Sewer)
  8 giant cockroaches
  7 goblins
  10 hobgoblins
  8 jackals (D:1)
  4 quokkas
  6 frilled lizards
  3 kobolds
  5 rats
83 creatures vanquished.

Notes
Turn   | Place    | Note
-------+----------+-------------------------------------------
     0 | D:1      | GloriousHammer the Vine Stalker Brigand began the quest for
                  | the Orb.
     0 | D:1      | Reached XP level 1. HP: 11/11 MP: 2/2
   147 | D:1      | Reached skill level 5 in Stealth
   147 | D:1      | Reached XP level 2. HP: 15/15 MP: 3/3
   204 | D:1      | Found a faded altar of an unknown god.
   389 | D:1      | Reached XP level 3. HP: 17/18 MP: 4/4
  1136 | D:2      | Gained mutation: Your natural rate of healing is unusually
                  | fast. [Vine Stalker growth]
  1136 | D:2      | Reached XP level 4. HP: 20/23 MP: 5/5
  1462 | D:3      | Found a glowing drain.
  1483 | D:3      | Reached XP level 5. HP: 26/26 MP: 6/6
  1510 | Sewer    | Entered a sewer
  1590 | Sewer    | Reached skill level 1 in Armour
  1663 | Sewer    | Splashed by a jelly's acid

Illustrated notes

Levels and vault maps discovered:
D:1:      lemuel_arrival_river_ford, layout_basic,
          shapermc_ecumenical_altar_totnotflames
D:2:      layout_basic, minmay_surrounded
D:3:      layout_rooms, gup_sewer_entry_glass
Sewer:    sewer_hellmonk_slimy_pipes

Skill      XL: |  1  2  3  4  5 |
---------------+----------------+-----
Fighting       | 2 |  2.0
Short Blades   | 2 3 |  3.3
Throwing       | 2 |  2.8
Stealth        | 5 |  5.8
Armour         | 1 |  1.1
Dodging        | |  0.7

Action                     |  1- 3 |  4- 6 || total
---------------------------+-------+-------++-------
  Melee: Dagger            |   110 |   134 ||   244
         Bite              |    27 |    34 ||    61
         Punch             |     1 |     2 ||     3
   Stab: Sleeping          |     7 |     3 ||    10
         Distracted        |       |     1 ||     1
 Armour: Robe              |     8 |       ||     8
         Scale mail        |    20 |       ||    20
         Leather armour    |     1 |    63 ||    64
  Dodge: Dodged            |    59 |    95 ||   154

Table legend: (Time is in decaauts)
 A = Elapsed time spent in this place.
 B = Non-inter-level travel time spent in this place.
 C = Inter-level travel time spent in this place.
 D = Time resting spent in this place.
 E = Time spent auto-exploring this place.
 F = Levels seen in this place.
 G = Mean time per level.
                   A        B        C        D        E       F      G
               +--------+--------+--------+--------+--------+-----+--------+
         Total |   1648 |   1583 |     65 |    134 |    748 |   4 |  412.0 |
       Dungeon |   1490 |   1425 |     65 |    134 |    724 |   3 |  496.7 |
         Sewer |    157 |    157 |      0 |      0 |     23 |   1 |  157.0 |
               +--------+--------+--------+--------+--------+-----+--------+

Top non-repeatable levels by time:
     D:1: 798 daAuts
     D:2: 473 daAuts
     D:3: 218 daAuts
   Sewer: 157 daAuts
